AoeStats
← Lilliandil

Runestones

507652481Analyzed
1v1 RM · 14d ago on Sep 19, 2026· 31m 15s· 2 players
Game mode
Random Map
Map size
Tiny (2 player)
Population
200
Speed
Normal
Resources
Standard
Victory
Conquest
Starting age
Dark Age
Ending age
Imperial Age
RankedLock teamsTeams togetherTeam positionsShared explorationLock speedFull tech treeHidden civsTurbo modeCheats
Victory
Defeat
🇹🇼 Japanese · Taiwan
1052
+17
🇦🇺 Ethiopians · Australia
1070
-17
QW9053042
2:58 Loom
11:33 Feudal Age
12:22 Double-Bit Axe
18:48 Wheelbarrow
22:36 Castle Age
22:25 Forging
24:27 Bow Saw
24:10 Fletching
29:20 Pikeman
Lilliandil
6:43 Loom
9:27 Feudal Age
9:58 Double-Bit Axe
13:07 Fletching
13:51 Town Watch
17:00 Horse Collar
20:21 Castle Age
19:05 Wheelbarrow
19:24 Gold Mining
21:40 Castle Age
21:00 Padded Archer Armor
22:29 Forging
22:24 Scale Barding Armor
22:46 Bow Saw
22:03 Crossbowman
25:18 Thumb Ring
26:39 Husbandry
29:54 Hand Cart
29:51 Bodkin Arrow
Connection lost

Rejoining the realm…

Still unreachable

The connection could not be restored.

Session expired

The server has moved on; the page needs a fresh start.